TOP OF THE 1ST |
Oklahoma State Cowboys batting - Pitching for Southern California Trojans : RHP Walt Dempsey
|
Pitching: RHP Walt Dempsey
|
|
Batting: LHB César Colón
|
0-0: Bunted foul 0-1: SINGLE (Line Drive, 78M)
|
Batting: LHB Cristián Rodríguez
|
0-0: Foul Ball, location: 2F 0-1: Ball 1-1: Ball 2-1: Ball 3-1: Base on Balls César Colón to second
|
Batting: RHB John Lynch
|
0-0: Called Strike 0-1: Foul Ball, location: 2F 0-2: Foul Ball, location: 2F 0-2: Foul Ball, location: 2F 0-2: Ball 1-2: Ball 2-2: Grounds into double play, 6-4-3 (Groundball, 56) César Colón to third
|
Batting: LHB Bill Bryan
|
0-0: SINGLE (Groundball, 6) (infield hit) César Colón scores
|
Batting: RHB Augusto Padilla
|
0-0: Called Strike 0-1: Swinging Strike 0-2: Ball 1-2: SINGLE (Line Drive, 7S) Bill Bryan to second Bill Bryan to third
|
Batting: SHB Ernest Hood
|
0-0: Ball 1-0: SINGLE (Line Drive, 9S) Bill Bryan scores Augusto Padilla to second
|
Batting: RHB Ryan Williams
|
0-0: Called Strike 0-1: Ground out 5-3 (Groundball, 5S)
|
Top of the 1st over - 2 run(s), 4 hit(s), 0 error(s), 2 left on base; Oklahoma State 2 - Southern California 0 |
BOTTOM OF THE 1ST |
Southern California Trojans batting - Pitching for Oklahoma State Cowboys : RHP Pablo Ortíz
|
Pitching: RHP Pablo Ortíz
|
|
Batting: RHB José Hernández
|
0-0: Called Strike 0-1: Ball 1-1: Ball 2-1: Fly out, F4 (Line Drive, 4)
|
Batting: RHB Homer Griffin
|
0-0: Called Strike 0-1: Ball 1-1: Ball 2-1: Foul Ball, location: 2F 2-2: Ball 3-2: Base on Balls
|
Batting: LHB Kel Smith
|
0-0: Called Strike 0-1: Foul Ball, location: 2F 0-2: Foul Ball, location: 2F 0-2: Ball 1-2: Ball 2-2: SINGLE (Line Drive, 34D) Homer Griffin to second
|
Batting: RHB Mike Carter
|
0-0: Ball 1-0: Foul Ball, location: 2F 1-1: Swinging Strike 1-2: Strikes out swinging
|
Batting: LHB Steve Herman
|
0-0: Ball 1-0: Ball 2-0: Swinging Strike 2-1: Ground out 3-1 (Groundball, 34)
|
Bottom of the 1st over - 0 run(s), 1 hit(s), 0 error(s), 2 left on base; Oklahoma State 2 - Southern California 0 |
TOP OF THE 2ND |
Oklahoma State Cowboys batting - Pitching for Southern California Trojans : RHP Walt Dempsey
|
Batting: LHB Horace Kramer
|
0-0: Bunted foul 0-1: Foul Ball, location: 2F 0-2: SOLO HOME RUN (Flyball, 8RXD), Distance : 407 ft
|
Batting: RHB Burt Sharp
|
0-0: Ball 1-0: Foul Ball, location: 2F 1-1: Ball 2-1: Ball 3-1: Called Strike 3-2: Foul Ball, location: 2F 3-2: Fly out, F9 (Flyball, 9)
|
Batting: LHB César Colón
|
0-0: Ball 1-0: Swinging Strike 1-1: Foul Ball, location: 2F 1-2: Foul Ball, location: 2F 1-2: Strikes out swinging
|
Batting: LHB Cristián Rodríguez
|
0-0: Ball 1-0: Ball 2-0: Ball 3-0: Base on Balls
|
Batting: RHB John Lynch
|
0-0: Called Strike 0-1: Ball 1-1: Foul Ball, location: 2F 1-2: Ball 2-2: Foul Ball, location: 2F 2-2: Fielders Choice at 2nd, 6-4 (Groundball, 6)
|
Top of the 2nd over - 1 run(s), 1 hit(s), 0 error(s), 0 left on base; Oklahoma State 3 - Southern California 0 |
BOTTOM OF THE 2ND |
Southern California Trojans batting - Pitching for Oklahoma State Cowboys : RHP Pablo Ortíz
|
Batting: RHB Enrico Davis
|
0-0: Ball 1-0: Ball 2-0: Fly out, F8 (Flyball, 8LD)
|
Batting: SHB Will O'Clerkin
|
0-0: Ball 1-0: Swinging Strike 1-1: Called Strike 1-2: Foul Ball, location: 2F 1-2: Ball 2-2: Ball 3-2: Foul Ball, location: 2F 3-2: Foul Ball, location: 2F 3-2: Foul Ball, location: 2F 3-2: Base on Balls
|
Batting: LHB Carl Hodge
|
0-0: Called Strike 0-1: Called Strike Will O'Clerkin is caught stealing 2nd base 0-2: Ball 1-2: Ball 2-2: Strikes out swinging
|
Bottom of the 2nd over - 0 run(s), 0 hit(s), 0 error(s), 0 left on base; Oklahoma State 3 - Southern California 0 |
TOP OF THE 3RD |
Oklahoma State Cowboys batting - Pitching for Southern California Trojans : RHP Walt Dempsey
|
Batting: LHB Bill Bryan
|
0-0: Foul Ball, location: 2F 0-1: Ball 1-1: Ball 2-1: Ball 3-1: Base on Balls
|
Batting: RHB Augusto Padilla
|
0-0: Swinging Strike 0-1: Ball 1-1: Called Strike 1-2: Fly out, F4 (Popup, 3D)
|
Batting: SHB Ernest Hood
|
0-0: Called Strike Bill Bryan is caught stealing 2nd base 0-1: Ball 1-1: Ball 2-1: Called Strike 2-2: Ground out 5-3 (Groundball, 56)
|
Top of the 3rd over - 0 run(s), 0 hit(s), 0 error(s), 0 left on base; Oklahoma State 3 - Southern California 0 |
BOTTOM OF THE 3RD |
Southern California Trojans batting - Pitching for Oklahoma State Cowboys : RHP Pablo Ortíz
|
Batting: RHB Ben Byrd
|
0-0: Ball 1-0: Swinging Strike 1-1: SINGLE (Groundball, 4MD)
|
Batting: RHB José Hernández
|
0-0: Ball 1-0: Fly out, F6 (Line Drive, 6M)
|
Batting: RHB Homer Griffin
|
0-0: Ball 1-0: Fly out, F8 (Line Drive, 8RM)
|
Batting: LHB Kel Smith
|
0-0: Ball 1-0: Ball 2-0: Swinging Strike 2-1: Ball 3-1: Called Strike 3-2: Foul Ball, location: 2F 3-2: Strikes out swinging
|
Bottom of the 3rd over - 0 run(s), 1 hit(s), 0 error(s), 1 left on base; Oklahoma State 3 - Southern California 0 |
TOP OF THE 4TH |
Oklahoma State Cowboys batting - Pitching for Southern California Trojans : RHP Walt Dempsey
|
Batting: RHB Ryan Williams
|
0-0: Called Strike 0-1: Ball 1-1: Foul Ball, location: 2F 1-2: Ball 2-2: Foul Ball, location: 2F 2-2: Ball 3-2: Base on Balls
|
Batting: LHB Horace Kramer
|
0-0: Ball 1-0: SINGLE (Line Drive, 89S) Ryan Williams to second
|
Batting: RHB Burt Sharp
|
0-0: SINGLE (Line Drive, 9S) Ryan Williams to third Horace Kramer to second
|
Batting: LHB César Colón
|
0-0: Fly out, F9 (Line Drive, 9) Throwing error, E9 Ryan Williams scores Horace Kramer to third Burt Sharp to second
|
Batting: LHB Cristián Rodríguez
|
0-0: Ball 1-0: Ball 2-0: Ball 3-0: Called Strike 3-1: SINGLE (Groundball, 34D) Horace Kramer scores Burt Sharp to third Runner from 3rd tries for Home, SAFE, no throw
|
Pitching: RHP Loren Jackson
|
|
Batting: RHB John Lynch
|
0-0: Ball 1-0: Swinging Strike 1-1: Called Strike 1-2: Foul Ball, location: 2F 1-2: Ball 2-2: Grounds into double play, 4-6-3 (Groundball, 4)
|
Top of the 4th over - 3 run(s), 3 hit(s), 1 error(s), 0 left on base; Oklahoma State 6 - Southern California 0 |
BOTTOM OF THE 4TH |
Southern California Trojans batting - Pitching for Oklahoma State Cowboys : RHP Pablo Ortíz
|
Batting: RHB Mike Carter
|
0-0: Foul Ball, location: 2F 0-1: Ball 1-1: Ball 2-1: Foul Ball, location: 2F 2-2: Strikes out swinging
|
Batting: LHB Steve Herman
|
0-0: Swinging Strike 0-1: Ball 1-1: Ground out 4-3 (Groundball, 4S)
|
Batting: RHB Enrico Davis
|
0-0: Swinging Strike 0-1: Ball 1-1: Ground out 6-3 (Groundball, 6MD)
|
Bottom of the 4th over - 0 run(s), 0 hit(s), 0 error(s), 0 left on base; Oklahoma State 6 - Southern California 0 |
TOP OF THE 5TH |
Oklahoma State Cowboys batting - Pitching for Southern California Trojans : RHP Loren Jackson
|
Batting: LHB Bill Bryan
|
0-0: SINGLE (Groundball, 4MD)
|
Batting: RHB Augusto Padilla
|
0-0: Foul Ball, location: 2F 0-1: Ball 1-1: Ball 2-1: Foul Ball, location: 2F 2-2: Fly out, F8 (Flyball, 8LD) Runner from 1st tags up, SAFE at 2nd
|
Batting: SHB Ernest Hood
|
0-0: Ball 1-0: Fly out, F9 (Flyball, 9S)
|
Batting: RHB Ryan Williams
|
0-0: Called Strike 0-1: Foul Ball, location: 2F 0-2: Ball 1-2: Fly out, F7 (Flyball, 7LS)
|
Top of the 5th over - 0 run(s), 1 hit(s), 0 error(s), 1 left on base; Oklahoma State 6 - Southern California 0 |
BOTTOM OF THE 5TH |
Southern California Trojans batting - Pitching for Oklahoma State Cowboys : RHP Pablo Ortíz
|
Batting: SHB Will O'Clerkin
|
0-0: Ball 1-0: Fly out, F8 (Line Drive, 8RM)
|
Batting: LHB Carl Hodge
|
0-0: Ball 1-0: DOUBLE (Line Drive, 89M)
|
Batting: RHB Ben Byrd
|
0-0: Foul Ball, location: 2F 0-1: Ball 1-1: Called Strike 1-2: Strikes out swinging
|
Batting: RHB José Hernández
|
0-0: Ground out 4-3 (Groundball, 4)
|
Bottom of the 5th over - 0 run(s), 1 hit(s), 0 error(s), 1 left on base; Oklahoma State 6 - Southern California 0 |
TOP OF THE 6TH |
Oklahoma State Cowboys batting - Pitching for Southern California Trojans : RHP Loren Jackson
|
Batting: LHB Horace Kramer
|
0-0: Called Strike 0-1: Ball 1-1: SINGLE (Groundball, 4MD)
|
Batting: RHB Burt Sharp
|
0-0: Ball 1-0: Ball Wild Pitch! Horace Kramer to second 2-0: Foul Ball, location: 2F 2-1: Swinging Strike 2-2: Foul Ball, location: 2F 2-2: Strikes out swinging
|
Batting: LHB César Colón
|
0-0: SINGLE (Groundball, 4MD) Horace Kramer to third Runner from 3rd tries for Home, SAFE, no throw
|
Batting: LHB Cristián Rodríguez
|
0-0: Ball César Colón is caught stealing 2nd base 1-0: Foul Ball, location: 2F 1-1: DOUBLE (Line Drive, 78XD)
|
Batting: RHB John Lynch
|
0-0: Called Strike 0-1: Ground out 4-3 (Groundball, 4S)
|
Top of the 6th over - 1 run(s), 3 hit(s), 0 error(s), 1 left on base; Oklahoma State 7 - Southern California 0 |
BOTTOM OF THE 6TH |
Southern California Trojans batting - Pitching for Oklahoma State Cowboys : RHP Pablo Ortíz
|
Batting: RHB Homer Griffin
|
0-0: Swinging Strike 0-1: Fly out, F9 (Flyball, 89M)
|
Batting: LHB Kel Smith
|
0-0: Called Strike 0-1: SINGLE (Groundball, 34D)
|
Pitching: LHP Clarence Webb
|
|
Batting: RHB Mike Carter
|
0-0: Ball 1-0: Swinging Strike 1-1: Foul Ball, location: 2F 1-2: Ball 2-2: Ball 3-2: Base on Balls Kel Smith to second
|
Batting: LHB Steve Herman
|
0-0: Ball 1-0: Called Strike 1-1: Foul Ball, location: 2F 1-2: Grounds into double play, 4-6-3 (Groundball, 34)
|
Bottom of the 6th over - 0 run(s), 1 hit(s), 0 error(s), 1 left on base; Oklahoma State 7 - Southern California 0 |
TOP OF THE 7TH |
Oklahoma State Cowboys batting - Pitching for Southern California Trojans : RHP Loren Jackson
|
Batting: LHB Bill Bryan
|
0-0: Ball 1-0: Foul Ball, location: 2F 1-1: Ball 2-1: Ball 3-1: SINGLE (Groundball, 56D)
|
Batting: RHB Augusto Padilla
|
0-0: Called Strike Bill Bryan is caught stealing 2nd base 0-1: Ball 1-1: Called Strike 1-2: Ball 2-2: Strikes out swinging
|
Batting: SHB Ernest Hood
|
0-0: Called Strike 0-1: Ball 1-1: Ball 2-1: Foul Ball, location: 2F 2-2: Foul Ball, location: 2F 2-2: Strikes out looking
|
Top of the 7th over - 0 run(s), 1 hit(s), 0 error(s), 0 left on base; Oklahoma State 7 - Southern California 0 |
BOTTOM OF THE 7TH |
Southern California Trojans batting - Pitching for Oklahoma State Cowboys : LHP Clarence Webb
|
Batting: RHB Enrico Davis
|
0-0: Ground out 4-3 (Groundball, 4)
|
Batting: SHB Will O'Clerkin
|
0-0: Called Strike 0-1: Ball 1-1: Ground out 5-3 (Groundball, 56)
|
Batting: LHB Carl Hodge
|
0-0: Called Strike 0-1: Fly out, F1 (Line Drive, 15)
|
Bottom of the 7th over - 0 run(s), 0 hit(s), 0 error(s), 0 left on base; Oklahoma State 7 - Southern California 0 |
TOP OF THE 8TH |
Oklahoma State Cowboys batting - Pitching for Southern California Trojans : RHP Loren Jackson
|
Batting: RHB Ryan Williams
|
0-0: Called Strike 0-1: Ball 1-1: Foul Ball, location: 2F 1-2: Ball 2-2: Strikes out swinging
|
Pitching: RHP R.J. McAlduie
|
|
Batting: LHB Horace Kramer
|
0-0: Foul Ball, location: 2F 0-1: Foul Ball, location: 2F 0-2: SINGLE (Groundball, 4MD)
|
Batting: RHB Burt Sharp
|
0-0: Ball Horace Kramer steals 2nd base 1-0: Ball 2-0: Fly out, F2 (Popup, 3S)
|
Batting: LHB César Colón
|
0-0: Ball 1-0: Ball 2-0: Called Strike 2-1: Swinging Strike 2-2: Ground out U3 (Groundball, 34)
|
Top of the 8th over - 0 run(s), 1 hit(s), 0 error(s), 1 left on base; Oklahoma State 7 - Southern California 0 |
BOTTOM OF THE 8TH |
Southern California Trojans batting - Pitching for Oklahoma State Cowboys : LHP Clarence Webb
|
Batting: RHB Ben Byrd
|
0-0: Foul Ball, location: 2F 0-1: Ground out 1-3 (Groundball, 15)
|
Batting: RHB José Hernández
|
0-0: Foul Ball, location: 2F 0-1: Ball 1-1: Foul Ball, location: 2F 1-2: Foul Ball, location: 2F 1-2: Reached on error, E4 (Popup, 4D)
|
Batting: RHB Homer Griffin
|
0-0: Ball 1-0: Called Strike 1-1: Ball 2-1: SINGLE (Groundball, 56D) José Hernández to second
|
Batting: LHB Kel Smith
|
0-0: Grounds into double play, 4-6-3 (Groundball, 34)
|
Bottom of the 8th over - 0 run(s), 1 hit(s), 1 error(s), 1 left on base; Oklahoma State 7 - Southern California 0 |
TOP OF THE 9TH |
Oklahoma State Cowboys batting - Pitching for Southern California Trojans : RHP R.J. McAlduie
|
Pitching: RHP Bob Patterson
|
|
Batting: LHB Cristián Rodríguez
|
0-0: Swinging Strike 0-1: Fly out, F8 (Flyball, 8RM)
|
Batting: RHB John Lynch
|
0-0: Ball 1-0: Foul Ball, location: 2F 1-1: Ball 2-1: SINGLE (Flyball, 6MD)
|
Batting: LHB Bill Bryan
|
0-0: Ball 1-0: Foul Ball, location: 2F 1-1: Foul Ball, location: 2F 1-2: 2-RUN HOME RUN (Flyball, 9D), Distance : 353 ft
|
Batting: RHB Augusto Padilla
|
0-0: Ground out 6-3 (Groundball, 56)
|
Batting: SHB Ernest Hood
|
0-0: Called Strike 0-1: Swinging Strike 0-2: Ball 1-2: Ball 2-2: Ground out 3-1 (Groundball, 34)
|
Top of the 9th over - 2 run(s), 2 hit(s), 0 error(s), 0 left on base; Oklahoma State 9 - Southern California 0 |
BOTTOM OF THE 9TH |
Southern California Trojans batting - Pitching for Oklahoma State Cowboys : LHP Clarence Webb
|
Now at 1B: Larry Young
|
|
Batting: RHB Mike Carter
|
0-0: Ball 1-0: Foul Ball, location: 2F 1-1: Ball 2-1: Ball 3-1: Base on Balls
|
Batting: LHB Steve Herman
|
0-0: Ball 1-0: Foul Ball, location: 2F 1-1: Ball 2-1: Called Strike 2-2: Ball 3-2: Base on Balls Mike Carter to second
|
Batting: RHB Enrico Davis
|
0-0: Ball 1-0: Ball 2-0: Called Strike 2-1: 3-RUN HOME RUN (Flyball, 78XD), Distance : 379 ft
|
Pitching: RHP Joe Bell
|
|
Batting: SHB Will O'Clerkin
|
0-0: Called Strike 0-1: Ball 1-1: Ball 2-1: Foul Ball, location: 2F 2-2: Strikes out looking
|
Batting: LHB Carl Hodge
|
0-0: Ball 1-0: Fly out, F9 (Flyball, 89M)
|
Batting: RHB Ben Byrd
|
0-0: Called Strike 0-1: SINGLE (Flyball, 89M)
|
Batting: RHB José Hernández
|
0-0: Ball 1-0: Foul Ball, location: 2F 1-1: Ball 2-1: Ball 3-1: Base on Balls Ben Byrd to second
|
Batting: RHB Homer Griffin
|
0-0: Ball 1-0: Ball 2-0: Foul Ball, location: 2F 2-1: Ball 3-1: Base on Balls Ben Byrd to third José Hernández to second
|
Batting: LHB Kel Smith
|
0-0: Called Strike 0-1: Ground out 4-3 (Groundball, 4D)
|
Bottom of the 9th over - 3 run(s), 2 hit(s), 0 error(s), 3 left on base; Oklahoma State 9 - Southern California 3 |
|